 Dungeon Crawl Stone Soup version 0.31-a0-1225-g50297eb6a4 (webtiles) character file.

Game seed: 17524193723261365267

1431 kae the Cleaver (level 8, 0/96 HPs)
             Began as a Hill Orc Fighter on Dec 14, 2023.
             Was an Initiate of Qazlal.
             Succumbed to a water moccasin's poison
             ... on level 5 of the Dungeon.
             The game lasted 00:04:14 (5397 turns).

kae the Cleaver (Hill Orc Fighter)                  Turns: 5397, Time: 00:04:15

Health: 0/96       AC: 24    Str: 26    XL:     8   Next: 73%
Magic:  8/8        EV:  2    Int: 12    God:    Qazlal [......]
Gold:   255        SH:  4    Dex:  9    Spells: 7/7 levels left

rFire   . . .        a - +0 war axe
rCold   . . .        c - +0 buckler
rNeg    . . .        b - melded +0 scale mail
rPois   +            k - melded +1 helmet
rElec   .            (cloak currently unavailable)
rCorr   .            (gloves currently unavailable)
SInv    .            (boots currently unavailable)
Will    .....        (no amulet)
Stlth   +            S - +6 ring of strength
HPRegen 0.36/turn    (no ring)
MPRegen 0.11/turn

%: no passive effects
@: lethally poisoned (0 -> -1), tree-form, weak-willed
A: stationary, stasis, torment immunity, boosted hp, clever 1, deterioration 1,
inability to read after injury 1
a: Renounce Religion


You were on level 5 of the Dungeon.
You worshipped Qazlal.
Qazlal was noncommittal.
You were a tree.
You visited 2 branches of the dungeon, and saw 6 of its levels.

You collected 255 gold pieces.


Innate Abilities, Weirdness & Mutations

You are a tree.
Your roots penetrate the ground, keeping you stationary.
You cannot be teleported.
You are immune to unholy pain and torment.
Your maximum health is greatly increased.
Your equipment is partially melded.
Your mind is acute. (Int +4, Str/Dex -1)
Your body sometimes deteriorates upon taking damage.
You occasionally lose the ability to read scrolls when taking damage.


   Skills:
 - Level 3.6 Fighting
 + Level 13.7 Axes
 - Level 3.2 Armour
 - Level 3.2 Shields


You had 7 spell levels left.
You didn't know any spells.
Your spell library contained the following spells:

 Spells                   Type           Power      Damage    Failure   Level
 Summon Small Mammal      Summ           0%         N/A       36%         1
 Call Canine Familiar     Summ           0%         N/A       75%         3
 Ozocubu's Armour         Ice            0%         N/A       75%         3
 Summon Guardian Golem    Hex/Summ       0%         N/A       75%         3
 Ozocubu's Refrigeration  Ice            0%         4d7       100%        7

Inventory:

Hand Weapons
 a - a +0 war axe (weapon)
Missiles
 e - 73 stones
 g - 3 poisoned darts
 h - 3 javelins
 j - 6 boomerangs
 l - a throwing net {=f!f}
Armour
 b - a +0 scale mail (melded)
 c - a +0 buckler (worn)
 k - a +1 helmet (melded)
   (You found it on level 3 of the Dungeon)
Magical Staves
 q - a staff of fire {!a}
   (You found it on level 4 of the Dungeon)
Jewellery
 S - a +6 ring of strength (left branch)
   (You found it on level 1 of the Dungeon)
Scrolls
 f - 3 scrolls of identify {@r1}
 m - a scroll of silence {!r}
 o - a scroll of blinking {!r}
 p - a scroll of teleportation {@r4}
 r - a scroll of torment {!r}
Potions
 d - 4 potions of might
 s - a potion of enlightenment

Dungeon Overview and Level Annotations

Branches:
Dungeon (5/15) Zot: 24586  Temple (1/1) D:5 Zot: 5964

Altars:
Ashenzari
Cheibriados
Dithmenos
Elyvilon
Fedhas
Hepliaklqana
Kikubaaqudgha
Makhleb
Nemelex Xobeh
Okawaru
Qazlal
Ru
Sif Muna
Trog
Uskayaw
Vehumet
Wu Jian
Xom
Zin
The Shining One

#.##.##.#.......#
#................
####.##.#.#.#.#.#
##.#..........
#.#...##......
#############..)....
#.#.#...#.#.#.......
#.#).#..#.##.......
#♣†###..#.##......
#..## ##.†####.....
#..## ##..####...#
#.. ##....##'## #..
#..##.##.# ##.
#..###.##.# .# #..#
#.##.## # #..#
##.#...# ...#
#.......


There were no monsters in sight!


Message History

You take 16 damage, and now have 31/64 hp.
MASSIVE DAMAGE!! (PAUSE)
You slash the iguana! You slash the water moccasin!
* * * LOW HITPOINT WARNING * * *
You feel very sick. The water moccasin closely misses you.
You block the iguana's attack.
You block the water moccasin's attack. 😨 HP[-5]
You take 5 damage, and now have 26/64 hp.
Unknown command.
You slash the water moccasin! You hit the iguana.
* * * LOW HITPOINT WARNING * * *
You feel very sick.
The iguana bites you but does no damage.
The water moccasin barely misses you. 😨 HP[-5]
You take 5 damage, and now have 21/64 hp.
Unknown command.
You hit the water moccasin. You hit the iguana.
* * * LOW HITPOINT WARNING * * *
You feel very sick. The water moccasin closely misses you.
The iguana bites you but does no damage. 😨 HP[-4]
You take 4 damage, and now have 17/64 hp.
Unknown command.
You hit the water moccasin.
You kill the water moccasin!
Qazlal accepts your kill.
You hit the iguana but do no damage.
* * * LOW HITPOINT WARNING * * *
You feel very sick. The iguana bites you.
* * * LOW HITPOINT WARNING * * *
😱 HP[-4]
You take 4 damage, and now have 13/64 hp.
Unknown command.
* * * LOW HITPOINT WARNING * * *
You feel very sick. You block the iguana's attack.
You see here a water moccasin corpse. 😱 HP[-3]
You take 3 damage, and now have 10/64 hp.
You barely miss the iguana.
* * * LOW HITPOINT WARNING * * *
You feel very sick.
Unknown command. 😱 HP[-3]
You take 3 damage, and now have 7/64 hp.
You hit the iguana.
* * * LOW HITPOINT WARNING * * *
You feel sick. The iguana bites you.
* * * LOW HITPOINT WARNING * * *
😱 HP[-2]
You take 2 damage, and now have 5/64 hp.
It was a potion of cancellation.
You feel magically purged.
* * * LOW HITPOINT WARNING * * *
You feel sick. The iguana closely misses you. 😱 HP[-1]
You take 1 damage, and now have 4/64 hp.
Unknown command.
You turn into a tree.
Your +1 helmet melds into your body.
Your +0 scale mail melds into your body.
Your roots penetrate the ground.
You feel sick.
The iguana bites you but does no damage. 😱 HP[+1]
You now have 96 max hp (+32).
You barely miss the iguana.
You feel sick. The iguana bites you.
* * * LOW HITPOINT WARNING * * *
😱 HP[-3]
You take 3 damage, and now have 2/96 hp.
You slice the iguana!!
You kill the iguana!
Qazlal accepts your kill.
* * * LOW HITPOINT WARNING * * *
You feel sick.
You cannot move.
You cannot move.
Unknown command.
There is a lethal amount of poison in your body!
There is a lethal amount of poison in your body!
There is a lethal amount of poison in your body!
Unknown command.
You feel extremely strange.
You feel yourself wasting away.
You occasionally lose the ability to read scrolls when taking damage.
You feel clever.
* * * LOW HITPOINT WARNING * * *
You feel sick. 😱 HP[-1]
You take 1 damage, and now have 1/96 hp.
Unknown command.
There is a lethal amount of poison in your body!
Unknown command.
There is a lethal amount of poison in your body!
Okay, then.
Okay, then.
As you read the scroll labelled SUAD AWIGAEF, it crumbles to dust.
Magic quickly surges around you.
It was a scroll of vulnerability.
You die...

Skill      XL: |  1  2  3  4  5  6  7  8 |
---------------+-------------------------+-----
Axes           | 3 4 5 7 8 9 11 13 | 13.7
Fighting       | |  3.6
Armour         | |  3.2
Shields        | |  3.2

Action                     |  1- 3 |  4- 6 |  7- 9 || total
---------------------------+-------+-------+-------++-------
  Melee: War axe           |   122 |   132 |   131 ||   385
    Use: Scroll            |     3 |     1 |     7 ||    11
         Potion            |       |       |     4 ||     4
   Stab: Invisible         |       |       |     1 ||     1
 Armour: Scale mail        |    79 |    73 |   107 ||   259
         Skin              |       |       |     2 ||     2
  Dodge: Dodged            |    60 |    46 |    65 ||   171
  Block: Buckler           |    31 |    20 |    25 ||    76

Levels and vault maps discovered:
D:1:      dpeg_arrival_lava_temple_mockup, layout_loops_ring,
          dreamdust_princess_corridor
D:2:      layout_basic, ebering_ecumenical_altar_rust, serial_glass,
          glass_columns_a, glass_columns_a, glass_columns_b, glass_columns_b,
          st_stairs_4, kennysheep_nondescript
D:3:      layout_loops_ring, marbit_many_paths, minivault_23,
          grunt_decor_mini_mirrors
D:4:      layout_loops_corners, uniq_blork_the_orc
D:5:      minmay_diamond_boxcup, layout_loops_corners, old_standard_altar,
          mainiacjoe_overflow_catwalk, gammafunk_temple_overflow_claw,
          minmay_temple_entry_glass, serial_aquarium, aquarium_bridge_straight
          [aquarium_subvault_bridge, aquarium_subvault_window,
          aquarium_subvault_bridge, aquarium_subvault_wall],
          aquarium_bridge_straight [aquarium_subvault_bridge,
          aquarium_subvault_wall, aquarium_subvault_bridge,
          aquarium_subvault_window], aquarium_window_fake, aquarium_window_fake,
          aquarium_window_1, aquarium_view_2f, aquarium_balcony_1b
Temple:   nicolae_temple_great_sept

Notes
Turn   | Place    | Note
-------+----------+-------------------------------------------
     0 | D:1      | kae the Hill Orc Fighter began the quest for the Orb.
     0 | D:1      | Reached XP level 1. HP: 19/19 MP: 1/1
     0 | D:1      | magus.rc [v1.11.3]
    29 | D:1      | Reached skill level 3 in Axes
   323 | D:1      | Reached XP level 2. HP: 26/26 MP: 2/2
   493 | D:1      | Reached skill level 4 in Axes
   756 | D:1      | Reached XP level 3. HP: 31/31 MP: 3/3
   975 | D:2      | Reached skill level 5 in Axes
  1279 | D:2      | Found a faded altar of an unknown god.
  1790 | D:3      | Reached XP level 4. HP: 31/39 MP: 4/4
  1987 | D:3      | Reached skill level 6 in Axes
  2089 | D:3      | Found a snail-covered altar of Cheibriados.
  2116 | D:3      | You pick up a book of Callings and begin reading...
  2116 | D:3      | You add the spells Summon Small Mammal, Call Canine
                  | Familiar and Summon Guardian Golem to your library.
  2522 | D:4      | Noticed a scorpion
  2529 | D:4      | Killed a scorpion
  2530 | D:4      | Reached skill level 7 in Axes
  2530 | D:4      | Reached XP level 5. HP: 36/45 MP: 5/5
  2644 | D:4      | Reached skill level 8 in Axes
  2644 | D:4      | Reached XP level 6. HP: 27/51 MP: 6/6
  2758 | D:4      | Noticed Blork the orc
  2771 | D:4      | Killed Blork the orc
  2902 | D:4      | Reached skill level 9 in Axes
  3252 | D:4      | You add the spells Ozocubu's Armour and Ozocubu's
                  | Refrigeration to your library.
  3325 | D:4      | Reached XP level 7. HP: 38/57 MP: 7/7
  3454 | D:4      | Reached skill level 10 in Axes
  4020 | D:5      | Entered Level 5 of the Dungeon
  4088 | D:5      | Noticed a steam dragon
  4097 | D:5      | Killed a steam dragon
  4098 | D:5      | Reached skill level 11 in Axes
  4337 | D:5      | Found a shimmering altar of Xom.
  4446 | D:5      | Found a hide-covered altar of Uskayaw.
  4481 | D:5      | Reached XP level 8. HP: 55/64 MP: 8/8
  4641 | D:5      | Reached skill level 12 in Axes
  4693 | D:5      | HP: 11/64 [gnoll/+0 trident[a gnoll bouda] (8)]
  4706 | D:5      | HP: 13/64 [gnoll/+0 spear[a gnoll bouda] (2)]
  5055 | D:5      | Found a broken altar of Ashenzari.
  5055 | D:5      | Found a radiant altar of Vehumet.
  5056 | D:5      | Found a sacrificial altar of Ru.
  5059 | D:5      | You pick up a book of Callings and begin reading...
  5095 | D:5      | Found a staircase to the Ecumenical Temple.
  5112 | Temple   | Entered the Ecumenical Temple
  5136 | Temple   | Became a worshipper of Qazlal Stormbringer
  5347 | D:5      | Reached skill level 13 in Axes
  5388 | D:5      | HP: 15/64 [poisoned by a water moccasin]
  5390 | D:5      | HP: 7/64 [poisoned by a water moccasin]
  5394 | D:5      | HP: 2/96 [iguana (2)]
  5396 | D:5      | Gained mutation: Your body sometimes deteriorates upon
                  | taking damage. [potion of mutation]
  5396 | D:5      | Gained mutation: You occasionally lose the ability to read
                  | scrolls when taking damage. [potion of mutation]
  5396 | D:5      | Gained mutation: Your mind is acute. (Int +4, Str/Dex -1)
                  | [potion of mutation]
  5397 | D:5      | Succumbed to a water moccasin's poison

Vanquished Creatures
  A steam dragon (D:5)
  A water moccasin (D:5)
  2 black bears
  An ogre (D:4)
  A phantom (D:5)
  Blork the orc (D:4)
  4 scorpions
  A howler monkey (D:4)
  2 hounds (D:4)
  2 gnoll boudas
  An orc priest (D:4)
  4 iguanas (D:5)
  6 adders
  8 gnolls
  A white imp (D:5)
  2 ufetubi (D:5)
  3 worms
  2 dart slugs
  12 orcs
  6 ball pythons
  6 endoplasms
  3 giant cockroaches
  5 goblins
  10 hobgoblins
  4 jackals (D:1)
  5 kobolds
  5 bats
  4 frilled lizards (D:1)
  4 rats
107 creatures vanquished.

Table legend:
 A = Non-vault XP
 B = Vault XP
 C = Vault XP percentage of total XP
 D = Non-vault monster count
 E = Vault monster count
 F = Vault count percentage of total count
                 A         B        C        D         E       F
            +---------+---------+-------+---------+---------+-------
      Total |    1593 |     452 |  22.1 |      97 |      10 |   9.3
            +---------+---------+-------+---------+---------+-------
        D:1 |      41 |       0 |   0.0 |      23 |       0 |   0.0
        D:2 |      28 |       4 |  12.5 |       8 |       3 |  27.3
        D:3 |      53 |       2 |   3.6 |      20 |       1 |   4.8
        D:4 |     751 |     100 |  11.8 |      28 |       1 |   3.4
        D:5 |     720 |     346 |  32.5 |      18 |       5 |  21.7
            +---------+---------+-------+---------+---------+-------

Skill      XL: |  1  2  3  4  5  6  7  8 |
---------------+-------------------------+-----
Axes           | 3 4 5 7 8 9 11 13 | 13.7
Fighting       | |  3.6
Armour         | |  3.2
Shields        | |  3.2

Action                     |  1- 3 |  4- 6 |  7- 9 || total
---------------------------+-------+-------+-------++-------
  Melee: War axe           |   122 |   132 |   131 ||   385
    Use: Scroll            |     3 |     1 |     7 ||    11
         Potion            |       |       |     4 ||     4
   Stab: Invisible         |       |       |     1 ||     1
 Armour: Scale mail        |    79 |    73 |   107 ||   259
         Skin              |       |       |     2 ||     2
  Dodge: Dodged            |    60 |    46 |    65 ||   171
  Block: Buckler           |    31 |    20 |    25 ||    76

Illustrated notes

Table legend:
 A = Kills in this place as a percentage of kills in the entire game.
 B = Kills by you in this place as a percentage of kills by you in the entire game.
 C = Kills by friends in this place as a percentage of kills by friends in the entire game.
 D = Other kills in this place as a percentage of other kills in the entire game.
 E = Experience gained in this place as a percentage of experience gained in the entire game.
 F = Experience gained in this place divided by the number of levels of this place that you have seen.
                   A       B       C       D       E      F
               +-------+-------+-------+-------+-------+----------------------
         Total | 100.0 | 100.0 |   N/A |   N/A | 100.0 | 340.8
       Dungeon | 100.0 | 100.0 |   N/A |   N/A | 100.0 | 409.0
               +-------+-------+-------+-------+-------+----------------------

Table legend: (Time is in decaauts)
 A = Elapsed time spent in this place.
 B = Non-inter-level travel time spent in this place.
 C = Inter-level travel time spent in this place.
 D = Time resting spent in this place.
 E = Time spent auto-exploring this place.
 F = Levels seen in this place.
 G = Mean time per level.
                   A        B        C        D        E       F      G
               +--------+--------+--------+--------+--------+-----+--------+
         Total |   5449 |   5273 |    176 |     66 |   4406 |   6 |  908.2 |
       Dungeon |   5413 |   5258 |    155 |     66 |   4393 |   5 | 1082.6 |
        Temple |     35 |     14 |     21 |      0 |     13 |   1 |   35.0 |
               +--------+--------+--------+--------+--------+-----+--------+

Top non-repeatable levels by time:
     D:4: 1512 daAuts
     D:5: 1333 daAuts
     D:1: 931 daAuts
     D:3: 914 daAuts
     D:2: 722 daAuts
  Temple: 35 daAuts
